Map: Tropical Sacrifice

Players

GungFuBanDa

  • Race: Protoss Protoss
  • Spawn Location: 7:00

Neeb - Winner!

  • Race: Protoss Protoss
  • Spawn Location: 1:00

Event: DreamHack SC2 Masters 2022 Atlanta (Offline)

VOD

Have the link to the VOD?

Description

Time

  • Played on: Nov. 18, 2022, 5:07 p.m.
  • Length: 7:11

All games in this series

Show
View Real Time Build Order
Export as new Build Order

GungFuBanDa Protoss 

Build Orders: Blink Stalkers 

Get SALT Encoding   

  12  0:00  Probe  
  13  0:12  Probe  
  14  0:18  Pylon  
  14  0:24  Probe (Chrono Boost)  
  15  0:37  Probe (Chrono Boost)  
  15  0:38  Gateway  
  16  0:44  Probe (Chrono Boost)  
  16  0:46  Assimilator  
  17  0:51  Probe  
  17  0:56  Assimilator  
  18  1:03  Probe (Chrono Boost)  
  19  1:09  Gateway  
  19  1:13  Probe (Chrono Boost)  
  20  1:20  Probe  
  21  1:27  Cybernetics Core  
  21  1:32  Probe  
  22  1:40  Pylon  
  22  1:45  Probe  
  23  1:58  Probe  
  24  2:03  Stalker  
  24  2:04  Stalker  
  24  2:07  Warp Gate  
  28  2:13  Probe  
  29  2:19  Pylon  
  29  2:25  Pylon  
  29  2:33  Pylon  
  29  2:36  Stalker  
  31  2:43  Sentry, Probe  
  33  3:01  Nexus  
  33  3:06  Probe  
  34  3:18  Probe (Chrono Boost)  
  34  3:19  Twilight Council  
  35  3:30  Probe (Chrono Boost)  
  35  3:33  Pylon  
  36  3:35  Probe (Chrono Boost)  
  37  3:44  Probe  
  38  3:53  Shield Battery  
  38  3:56  Sentry, Probe, Blink (Chrono Boost)  
  41  4:03  Stalker  
  41  4:08  Probe  
  44  4:14  Probe (Chrono Boost)  
  45  4:21  Probe (Chrono Boost)  
  44  4:24  Stalker  
  44  4:26  Probe (Chrono Boost)  
  48  4:32  Probe (Chrono Boost)  
  48  4:33  Stalker  
  48  4:35  Probe (Chrono Boost)  
  48  4:38  Probe (Chrono Boost)  
  51  4:42  Probe  
  53  4:48  Probe  
  53  4:52  Stalker  
  56  4:54  Probe  
  57  5:05  Probe  
  57  5:06  Probe  
  58  5:10  Stalker  
  60  5:17  Robotics Facility, Probe  
  60  5:18  Probe  
  62  5:25  Pylon  
  62  5:31  Nexus  
  62  5:34  Pylon  
  62  5:43  Probe (Chrono Boost)  
  62  5:45  Probe (Chrono Boost)  
  62  5:47  Assimilator  
  62  5:49  Sentry, Stalker  
  68  5:55  Probe (Chrono Boost)  
  70  5:59  Shield Battery  
  70  6:01  Probe (Chrono Boost)  
  70  6:03  Probe (Chrono Boost)  
  71  6:04  Forge  
  71  6:08  Probe  
  71  6:10  Observer, Probe  
  74  6:16  Robotics Bay  
  74  6:20  Probe  
  74  6:22  Probe, Pylon  
  74  6:23  Stalker  
  76  6:31  Shield Battery  
  76  6:32  Probe  
  75  6:34  Probe  
  75  6:37  Stalker  
  79  6:52  Stalker  
  78  6:55  Probe  
  78  6:56  Probe  
  78  6:57  Probe  
  77  7:03  Stalker  
Show
View Real Time Build Order
Export as new Build Order

Neeb Protoss - Winner!

Build Orders: Oracle Opening 

Get SALT Encoding   

  12  0:00  Probe  
  13  0:12  Probe  
  14  0:18  Pylon  
  14  0:24  Probe  
  15  0:36  Probe (Chrono Boost)  
  15  0:40  Gateway  
  16  0:46  Probe (Chrono Boost)  
  16  0:48  Assimilator  
  17  0:51  Probe (Chrono Boost)  
  18  0:59  Assimilator  
  18  1:03  Probe (Chrono Boost)  
  19  1:07  Pylon  
  19  1:13  Probe (Chrono Boost)  
  20  1:18  Probe (Chrono Boost)  
  21  1:27  Cybernetics Core  
  21  1:29  Probe  
  22  1:35  Zealot  
  24  1:41  Probe  
  25  1:53  Probe  
  26  2:04  Stargate  
  26  2:09  Stalker  
  26  2:12  Warp Gate  
  28  2:33  Pylon  
  28  2:45  Oracle (Chrono Boost)  
  28  2:46  Nexus  
  31  2:55  Probe  
  32  2:59  Stalker  
  34  3:07  Probe  
  35  3:16  Oracle  
  35  3:19  Shield Battery  
  38  3:25  Pylon  
  38  3:28  Probe  
  39  3:42  Twilight Council  
  39  3:43  Probe (Chrono Boost)  
  40  3:54  Probe (Chrono Boost)  
  41  4:01  Probe (Chrono Boost)  
  41  4:02  Probe (Chrono Boost)  
  43  4:05  Gateway  
  43  4:11  Probe (Chrono Boost)  
  43  4:13  Probe (Chrono Boost)  
  45  4:17  Probe  
  45  4:18  Blink (Chrono Boost)  
  45  4:22  Probe  
  47  4:29  Probe  
  48  4:33  Gateway  
  48  4:34  Probe  
  49  4:41  Probe  
  50  4:45  Nexus  
  50  4:49  Probe  
  51  4:53  Probe  
  51  4:55  Pylon  
  52  5:01  Probe  
  52  5:02  Stalker  
  52  5:07  Stalker  
  57  5:08  Probe  
  57  5:12  Assimilator  
  57  5:13  Probe  
  59  5:20  Probe  
  60  5:24  Shield Battery  
  60  5:25  Probe  
  61  5:30  Stalker x3  
  61  5:32  Probe  
  68  5:38  Probe  
  68  5:41  Forge  
  68  5:42  Pylon  
  69  5:44  Probe  
  70  5:58  Stalker x2, Pylon  
  70  5:59  Probe (Chrono Boost), Stalker  
  70  6:00  Probe (Chrono Boost)  
  70  6:01  Probe (Chrono Boost)  
  79  6:09  Pylon  
  82  6:12  Probe x2 (Chrono Boost)  
  82  6:14  Probe (Chrono Boost)  
  82  6:17  Probe x2 (Chrono Boost)  
  83  6:21  Probe  
  85  6:26  Probe  
  85  6:27  Stalker x3  
  92  6:34  Probe  
  92  6:37  Probe  
  92  6:39  Gateway  
  94  6:43  Gateway x2  
  94  6:48  Probe  
  94  6:50  Probe  
  94  6:51  Stalker x3  
  102  6:57  Pylon  
Tags
 
Add a new tag
Caveats
  • Supply blocks, unpowered buildings, or Contaminate may cause inaccurate times.
  • Supply counts are checked every 10 seconds.